 Dungeon Crawl Stone Soup version 0.31-a0-339-gda1cbd555d (webtiles) character file.

Game seed: 6000234449146665144

59 Bnni the Ruffian (level 3, -3/29 HPs)
             Began as a Draconian Shapeshifter on July 20, 2023.
             Slain by an adder (4 damage)
             ... on level 3 of the Dungeon.
             The game lasted 00:05:51 (1484 turns).

Bnni the Ruffian (Draconian Shapeshifter)           Turns: 1484, Time: 00:05:52

Health: -3/29      AC:  5    Str: 19    XL:     3   Next: 78%
Magic:  3/3        EV: 12    Int:  8    God:
Gold:   144        SH:  0    Dex: 11    Spells: 2/2 levels left

rFire   . .          .
                       - Unarmed
rCold   . . .        (no shield)
rNeg    . . .        (body armour unavailable)
rPois   .            (helmet currently unavailable)
rElec   .            (cloak currently unavailable)
rCorr   .            (gloves currently unavailable)
SInv    .            (boots currently unavailable)
Will    +....        (no amulet)
Stlth   +            f - ring of willpower
HPRegen 0.24/turn    (no ring)
MPRegen 0.08/turn

%: no passive effects
@: lethally poisoned (-3 -> -5), beast-form, attractive, hasted, very quick
A: beast (slay +2), AC +5, unfitting armour, cold-blooded
a: Begin Untransformation


You were on level 3 of the Dungeon.
You were a hulking beast.
You visited 1 branch of the dungeon, and saw 3 of its levels.

You collected 144 gold pieces.

Inventory:

Missiles
 d - 4 poisoned darts
Jewellery
 f - a ring of willpower (left hand)
 j - a ring of ice
Talismans
 b - a beast talisman
Scrolls
 e - 2 scrolls of identify {unknown}
 g - a scroll of immolation {unknown}
 k - a scroll of teleportation {unknown}
Potions
 a - a potion of lignification
 h - a potion of attraction
 i - a potion of enlightenment {unknown}


   Skills:
 + Level 2.2 Fighting
 - Level 1.7 Dodging
 * Level 4.0 Unarmed Combat
 + Level 3.3 Shapeshifting


You had 2 spell levels left.
You didn't know any spells.
Your spell library was empty.

Dungeon Overview and Level Annotations

Branches:
Dungeon (3/15)

Altars:


Innate Abilities, Weirdness & Mutations

You are a hulking beast.
Your limbs bulge with bestial killing power. (Slay +2)
Your plain brown scales are hard. (AC +5)
You cannot fit into any form of body armour.
You are cold-blooded and may be slowed by cold attacks.


Message History

The orc barely misses you. The orc misses you.
You closely miss the orc. You tail-slap the orc.
You kill the orc!
The orc closely misses you.
The orc wizard hits you but does no damage.
The adder bites you.
You hit the orc wizard.
The orc wizard is moderately wounded.
The adder bites you. The orc barely misses you.
The orc wizard gestures at you while chanting.
The magic dart hits you.
You closely miss the orc wizard.
You tail-slap the orc wizard, but do no damage.
The orc wizard is moderately wounded.
The adder barely misses you. The orc hits you but does no damage.
The orc wizard hits you with a +0 dagger.
You punch the orc wizard!
The orc wizard is severely wounded.
The adder bites you.
You are poisoned.
The adder poisons you!
You are too injured to fight recklessly!
You closely miss the orc wizard.
The orc wizard is severely wounded.
You feel sick. The adder bites you. The orc wizard casts a spell at you.
The magic dart hits you!
* * * LOW HITPOINT WARNING * * *
The orc barely misses you.
It was a potion of attraction.
You feel attractive to monsters.
You feel sick. The adder completely misses you. The orc misses you.
The orc wizard closely misses you. The adder bites you but does no damage.
Unknown command.
It was a potion of haste.
You feel yourself speed up.
You feel sick. The orc wizard misses you.
The orc hits you from afar with a +0 trident.
* * * LOW HITPOINT WARNING * * *
The adder bites you.
You die...

# ..
#############...
................
................
.##............?
......)h†....#
$.....Sol...#...
......†.o.......
................
................
................
..............#.
.....<....#####
.........##


You could see an orc wizard, an adder, an orc and a frilled lizard.

Vanquished Creatures
  An adder (D:3)
  4 dart slugs
  2 orcs (D:3)
  A bat (D:2)
  5 endoplasms
  3 giant cockroaches (D:2)
  5 hobgoblins
  A jackal (D:2)
  6 kobolds
  5 ball pythons
  A goblin (D:2)
  5 rats
39 creatures vanquished.

Notes
Turn   | Place    | Note
-------+----------+-------------------------------------------
     0 | D:1      | Bnni the Draconian Shapeshifter began the quest for the
                  | Orb.
     0 | D:1      | Reached XP level 1. HP: 16/16 MP: 1/1
   433 | D:1      | Reached XP level 2. HP: 23/23 MP: 2/2
   975 | D:2      | Reached XP level 3. HP: 29/29 MP: 3/3
  1018 | D:2      | Found a faded altar of an unknown god.
  1476 | D:3      | Reached skill level 4 in Unarmed Combat
  1484 | D:3      | HP: 1/29 [orc/+0 trident (3)]
  1484 | D:3      | Slain by an adder

Illustrated notes

Levels and vault maps discovered:
D:1:      saegor_arrival_under_anarchy, layout_loops_ring, reono_crystal_passage
D:2:      layout_loops_cross, basic_ecumenical_altar, kennysheep_generic_room_9
D:3:      layout_rooms, lemuel_round_altar, old_standard_altar,
          gammafunk_ghost_mausoleum, kennysheep_pointless_box,
          corexii_item_surrounded_by_moat, st_stairs_1

Skill      XL: |  1  2  3 |
---------------+----------+-----
Fighting       | 2 |  2.2
Unarmed Combat | 4 |  4.0
Dodging        | |  1.7
Shapeshifting  | |  3.3

Action                     || total
---------------------------++-------
  Melee: Unarmed           ||    87
         Tailslap          ||     9
         Punch             ||     2
    Use: Potion            ||     2
 Armour: Skin              ||    16
  Dodge: Dodged            ||    61

Table legend: (Time is in decaauts)
 A = Elapsed time spent in this place.
 B = Non-inter-level travel time spent in this place.
 C = Inter-level travel time spent in this place.
 D = Time resting spent in this place.
 E = Time spent auto-exploring this place.
 F = Levels seen in this place.
 G = Mean time per level.
                   A        B        C        D        E       F      G
               +--------+--------+--------+--------+--------+-----+--------+
         Total |   1476 |   1405 |     71 |      0 |   1191 |   3 |  492.0 |
       Dungeon |   1476 |   1405 |     71 |      0 |   1191 |   3 |  492.0 |
               +--------+--------+--------+--------+--------+-----+--------+

Top non-repeatable levels by time:
     D:1: 794 daAuts
     D:2: 660 daAuts
     D:3: 22 daAuts
